 Dungeon Crawl Stone Soup version 0.28-a0-1213-g0243856f03 (webtiles) character file.

Game seed: 7961367924672582912

2639 flotson the Skirmisher (level 9, 0/69 HPs)
             Began as a Demonspawn Gladiator on Dec 22, 2021.
             Was a Priest of Cheibriados.
             Slain by an ogre (12 damage)
             ... on level 6 of the Dungeon.
             The game lasted 00:08:44 (7260 turns).

flotson the Skirmisher (Demonspawn Gladiator)       Turns: 7260, Time: 00:08:44

Health: 0/69       AC:  9    Str: 25    XL:     9   Next: 35%
Magic:  13/13      EV: 15    Int: 15    God:    Cheibriados [***...]
Gold:   312        SH:  4    Dex: 21    Spells: 8/8 levels left

rFire   . . .      SeeInvis +   a - +0 war axe
rCold   . . .      Faith    .   (no shield)
rNeg    . . .      Spirit   .   e - +0 ring mail
rPois   .          Reflect  .   c - +0 helmet
rElec   .          Harm     .   C - +0 cloak
rCorr   .          Rampage  .   q - +0 pair of gloves
Will    .....                   (no boots)
Stlth   +.........              y - amulet of regeneration
HPRegen 1.01/turn               m - ring of see invisible
MPRegen 0.26/turn               (no ring)

@: very slow
A: large bone plates 1, magic regeneration, demonic magic 2
a: Renounce Religion, Bend Time, Temporal Distortion


You were on level 6 of the Dungeon.
You worshipped Cheibriados.
Cheibriados was most pleased with you.
You visited 1 branch of the dungeon, and saw 6 of its levels.

You collected 312 gold pieces.

Inventory:

Hand Weapons
 a - a +0 war axe (weapon)
 b - a +0 hand crossbow
Missiles
 d - a throwing net (quivered)
 f - 3 curare-tipped darts
 g - 6 atropa-tipped darts
 s - 39 bolts
 A - 6 poisoned darts
Armour
 c - a +0 helmet (worn)
 e - a +0 ring mail (worn)
 q - a +0 pair of gloves (worn)
 C - a +0 cloak (worn)
Jewellery
 m - a ring of see invisible (left hand)
 o - a ring of ice
 y - an amulet of regeneration (around neck)
Wands
 u - a wand of iceblast (11)
 v - a wand of acid (5)
 z - a wand of flame (10)
 B - a wand of mindburst (16)
Scrolls
 h - a scroll of noise {unknown}
 i - 3 scrolls of fear {unknown}
 p - a scroll of acquirement {unknown}
 r - 6 scrolls of identify {unknown}
 t - a scroll of silence {unknown}
 w - a scroll of torment {unknown}
Potions
 j - a potion of curing {unknown}
 k - 2 potions of attraction {unknown}
 l - 2 potions of magic {unknown}
 n - 2 potions of heal wounds
 x - 2 potions of cancellation {unknown}
 D - a potion of brilliance {unknown}


   Skills:
 + Level 6.0 Fighting
 - Level 2.6 Axes
 + Level 5.4 Throwing
 + Level 5.1 Armour
 + Level 5.9 Dodging
 + Level 5.5 Invocations
 + Level 3.1 Evocations


You had 8 spell levels left.
You didn't know any spells.
Your spell library contained the following spells:

 Spells                   Type           Power      Damage    Failure   Level
 Sublimation of Blood     Necr           0%         N/A       52%         2
 Petrify                  Tmut/Erth      0%         N/A       98%         4
 Irradiate                Conj/Tmut      0%         3d14      100%        5


Dungeon Overview and Level Annotations

Branches:
Dungeon (6/15)
 Temple: D:4-7

Altars:
Cheibriados
Fedhas
Gozag
Trog
Uskayaw

Shops:
D:4 *


Innate Abilities, Weirdness & Mutations

You are partially covered in large bone plates. (SH +4)
You regenerate magic rapidly.
Spells you cast may paralyse nearby enemies.


Message History

You slash the ogre!
The ogre hits you with a +0 giant club!!
Your Fighting skill increases to level 6!
Unknown command.
You hit the ogre.
The ogre is severely wounded.
The ogre misses you.
Unknown command.
You hit the ogre but do no damage.
The ogre is severely wounded.
You block the ogre's attack. x2
Unknown command.
You hit the ogre.
The ogre is severely wounded.
The ogre hits you with a +0 giant club!!
Unknown command.
You are too injured to fight recklessly!
Unknown command.
You are too injured to fight recklessly!
Unknown command.
You are too injured to fight recklessly!
Unknown command.
You are too injured to fight recklessly!
You completely miss the ogre.
The ogre is severely wounded.
You block the ogre's attack.
You barely miss the ogre.
The ogre is severely wounded.
The ogre barely misses you.
You hit the ogre.
The ogre is almost dead.
The ogre hits you with a +0 giant club!!
* * * LOW HITPOINT WARNING * * *
You hit the ogre.
The ogre is almost dead.
The ogre barely misses you.
You barely miss the ogre.
The ogre is almost dead.
The ogre hits you with a +0 giant club!
You die...

.......####..##.....##†..(#.#
#.......###'##.......#...(#.#
#.......##..##...8..)##..##.#
#.......#....#)......##'##..#
#.......'....##.....##†.##.##
#.......##..#+##...##....#.#
.....(...####..###†#'....#.#
#......#...#....##..##..##.#
####'#.###.#...O@...†####..#
####.#.....##..##....#....##
.....#####..######..##.####
.....'..##....<..####..#
.....##.##.#..........##
♣....##.##.....###..#.#
≈....##...####.#......#
.....####'## #.#.##...#
♣....# #...# #.#. #...#


You could see an ogre.

Vanquished Creatures
  Prince Ribbit (D:5)
  Grinder (D:5)
  Sigmund (D:2)
  A yak (D:6)
  Menkaure (D:5)
  A black bear (D:6)
  3 sky beasts
  An ogre (D:5)
  A necrophage (D:6)
  2 centaurs
  A kobold brigand (D:6)
  A bullfrog (D:6)
  3 scorpions
  A howler monkey (D:6)
  2 electric eels (D:6)
  2 centaur zombies (D:6)
  2 jellies
  5 hounds
  A gnoll shaman (D:3)
  An orc wizard (D:6)
  2 killer bee zombies (D:6)
  8 adders
  7 gnolls
  2 white imps
  2 worms
  5 dart slugs
  10 orcs
  5 bats
  5 endoplasms
  A giant cockroach (D:2)
  11 goblins
  10 hobgoblins
  9 jackals (D:1)
  5 kobolds
  5 ball pythons
  10 frilled lizards
  4 rats (D:2)
133 creatures vanquished.

Vanquished Creatures (others)
  A sky beast (D:5)
  Ijyb (D:5)
  25 plants (D:6)
27 creatures vanquished.

Grand Total: 160 creatures vanquished

Notes
Turn   | Place    | Note
-------+----------+-------------------------------------------
     0 | D:1      | flotson the Demonspawn Gladiator began the quest for the
                  | Orb.
     0 | D:1      | Reached XP level 1. HP: 16/16 MP: 1/1
   166 | D:1      | Gained mutation: Spells you cast may paralyse adjacent
                  | enemies. [demonic ancestry]
   166 | D:1      | Reached XP level 2. HP: 20/22 MP: 2/2
   443 | D:1      | Reached skill level 1 in Armour
   650 | D:1      | Reached XP level 3. HP: 25/28 MP: 3/3
  1201 | D:2      | Gained mutation: Spells you cast may paralyse nearby
                  | enemies. [demonic ancestry]
  1201 | D:2      | Reached XP level 4. HP: 21/34 MP: 4/4
  2004 | D:2      | Noticed Sigmund
  2015 | D:2      | Killed Sigmund
  2016 | D:2      | Reached skill level 3 in Fighting
  2016 | D:2      | Reached XP level 5. HP: 39/41 MP: 5/5
  2016 | D:2      | Gained mutation: You regenerate magic rapidly. [demonic
                  | ancestry]
  2016 | D:2      | Reached XP level 6. HP: 44/47 MP: 6/6
  2439 | D:3      | Found a faded altar of an unknown god.
  2537 | D:3      | Prayed at the altar of an unknown god.
  2537 | D:3      | Became a worshipper of Cheibriados the Contemplative
  2537 | D:3      | Reached * piety under Cheibriados
  3492 | D:4      | Found Mitzotz's Lightly-Used Armoury.
  3570 | D:4      | Reached skill level 4 in Fighting
  3751 | D:3      | Reached XP level 7. HP: 14/54 MP: 7/7
  4101 | D:4      | Found a blossoming altar of Fedhas.
  4102 | D:4      | Found a bloodstained altar of Trog.
  4105 | D:4      | Found an opulent altar of Gozag.
  4112 | D:4      | Found a hide-covered altar of Uskayaw.
  4320 | D:5      | Entered Level 5 of the Dungeon
  4341 | D:5      | Noticed Grinder
  4357 | D:5      | Killed Grinder
  4358 | D:5      | Reached skill level 1 in Invocations
  4675 | D:5      | Noticed Menkaure
  4679 | D:5      | Killed Menkaure
  4793 | D:5      | Reached ** piety under Cheibriados
  4814 | D:5      | Noticed Ijyb
  4825 | D:5      | Reached XP level 8. HP: 38/61 MP: 10/10
  4827 | D:5      | Killed Ijyb
  4828 | D:5      | Reached skill level 5 in Dodging
  5099 | D:5      | Noticed Prince Ribbit
  5134 | D:5      | Killed Prince Ribbit
  5135 | D:5      | Reached skill level 5 in Fighting
  5427 | D:5      | Reached skill level 1 in Evocations
  6431 | D:6      | Reached skill level 5 in Throwing
  6952 | D:6      | Gained mutation: You are partially covered in large bone
                  | plates. (SH +4) [demonic ancestry]
  6952 | D:6      | Reached XP level 9. HP: 67/69 MP: 12/12
  7077 | D:6      | Reached skill level 5 in Invocations
  7171 | D:6      | Reached skill level 5 in Armour
  7197 | D:6      | Reached *** piety under Cheibriados
  7253 | D:6      | Reached skill level 6 in Fighting
  7260 | D:6      | Slain by an ogre

Illustrated notes

Levels and vault maps discovered:
D:1:      amcnicky_arrival_single_pillar, layout_rooms
D:2:      layout_loops_ring, hangedman_abyss_or_decor_lesser_grid,
          minmay_heptomino_o4, uniq_sigmund
D:3:      layout_basic, chequers_ecumenical_altar_island
D:4:      layout_rooms, nicolae_overflow_quartered_altars,
          chequers_serial_rivers_large_a, minmay_shop_damaged
D:5:      layout_loops_ring, kennysheep_donut, st_stairs_5, uniq_ijyb,
          uniq_menkaure, uniq_grinder, uniq_prince_ribbit1
D:6:      minmay_bubble_buster, layout_basic, serial_bayou,
          serial_bayou_shore_a, serial_bayou_pond_c, serial_bayou_crossing,
          serial_bayou_lake_a, serial_bayou_pond_e, minmay_misc_feat_chi

Skill      XL: |  1  2  3  4  5  6  7  8  9 |
---------------+----------------------------+-----
Throwing       | 2 3 4 5 |  5.4
Dodging        | 3 4 5 |  5.9
Armour         | 1 2 3 4 5 |  5.1
Fighting       | 3 4 5 6 |  6.0
Invocations    | 3 4 5 |  5.5
Evocations     | 2 3 |  3.1
Axes           | |  2.6

Action                   |  1- 3 |  4- 6 |  7- 9 || total
-------------------------+-------+-------+-------++-------
Melee: War axe           |    83 |   132 |   179 ||   394
 Fire: Hand crossbow     |       |    31 |   104 ||   135
Throw: Dart              |     1 |     4 |    11 ||    16
       Throwing net      |       |     1 |     1 ||     2
  Use: Potion            |       |       |     1 ||     1
 Stab: Held in net/web   |       |     2 |       ||     2
Armor: Ring mail         |    53 |    51 |   122 ||   226
Dodge: Dodged            |    78 |   129 |   240 ||   447
Block: Other             |       |       |    21 ||    21

Table legend: (Time is in decaauts)
 A = Elapsed time spent in this place.
 B = Non-inter-level travel time spent in this place.
 C = Inter-level travel time spent in this place.
 D = Time resting spent in this place.
 E = Time spent auto-exploring this place.
 F = Levels seen in this place.
 G = Mean time per level.
                   A        B        C        D        E       F      G
               +--------+--------+--------+--------+--------+-----+--------+
         Total |   8460 |   8140 |    320 |      9 |   6816 |   6 | 1410.0 |
       Dungeon |   8460 |   8140 |    320 |      9 |   6816 |   6 | 1410.0 |
               +--------+--------+--------+--------+--------+-----+--------+

Top non-repeatable levels by time:
     D:5: 2150 daAuts
     D:2: 1515 daAuts
     D:6: 1452 daAuts
     D:4: 1415 daAuts
     D:3: 1060 daAuts
     D:1: 867 daAuts
